Map: Oxide LE

Players

ViBE - Winner!

  • Race: Protoss Protoss
  • League: Diamond

Caul

  • Race: Terran Terran
  • League: Diamond

VOD

Have the link to the VOD?

Description

Time

  • Played on: April 11, 2021, 10:30 p.m.
  • Length: 6:44
Show
View Real Time Build Order
Export as new Build Order

ViBE Protoss - Winner!

Build Orders: 1 Gate Expand, Blink Stalkers 

Get SALT Encoding   

  12  0:00  Probe  
  13  0:12  Probe  
  14  0:17  Pylon  
  14  0:24  Probe  
  15  0:37  Gateway  
  15  0:38  Probe  
  16  0:44  Assimilator  
  16  0:53  Probe  
  17  1:05  Probe (Chrono Boost)  
  18  1:16  Probe (Chrono Boost)  
  19  1:21  Probe (Chrono Boost)  
  20  1:28  Nexus  
  20  1:31  Probe  
  21  1:39  Cybernetics Core  
  21  1:44  Probe  
  21  1:45  Assimilator  
  22  1:50  Pylon  
  22  1:56  Probe  
  23  2:08  Probe  
  23  2:13  Stalker (Chrono Boost)  
  24  2:16  Warp Gate  
  24  2:20  Probe  
  24  2:22  Pylon  
  27  2:34  Probe (Chrono Boost)  
  27  2:38  Stalker  
  27  2:40  Probe (Chrono Boost)  
  30  2:50  Probe (Chrono Boost)  
  31  3:01  Probe (Chrono Boost)  
  31  3:02  Probe (Chrono Boost)  
  31  3:05  Twilight Council  
  33  3:07  Gateway  
  33  3:09  Gateway  
  33  3:13  Probe (Chrono Boost)  
  33  3:16  Probe (Chrono Boost)  
  35  3:21  Probe (Chrono Boost)  
  35  3:22  Probe (Chrono Boost)  
  35  3:25  Stalker  
  39  3:28  Probe  
  39  3:30  Probe  
  41  3:38  Blink (Chrono Boost)  
  41  3:39  Pylon  
  41  3:45  Pylon  
  41  3:50  Robotics Facility  
  41  3:51  Probe  
  41  3:52  Probe  
  43  3:57  Assimilator  
  43  4:06  Stalker x2  
  43  4:07  Stalker  
  49  4:14  Probe x2  
  51  4:24  Pylon  
  51  4:26  Probe x2  
  51  4:30  Stalker x3  
  59  4:37  Assimilator  
  59  4:38  Probe x2  
  59  4:42  Observer  
  59  4:43  Pylon  
  62  4:50  Pylon, Probe  
  63  4:54  Stalker  
  63  4:55  Stalker  
  67  5:01  Stalker  
  67  5:05  Probe  
  70  5:23  Stalker  
  70  5:24  Stalker  
  70  5:25  Stalker  
  76  5:31  Pylon  
  70  5:40  Probe x2  
  72  5:49  Stalker x3  
  78  5:52  Probe x2  
  80  6:18  Stalker x3  
  82  6:20  Nexus  
  82  6:21  Probe x2  
  82  6:23  Pylon  
  88  6:25  Pylon  
Show
View Real Time Build Order
Export as new Build Order

Caul Terran 

Build Orders: Reaper Expand 

Get SALT Encoding   

  12  0:00  SCV  
  13  0:12  SCV  
  14  0:17  Supply Depot  
  14  0:24  SCV  
  15  0:38  SCV  
  15  0:40  Barracks  
  16  0:46  Refinery  
  16  0:51  SCV  
  17  1:03  SCV  
  18  1:15  SCV  
  19  1:28  Orbital Command  
  19  1:30  Reaper  
  20  1:43  Command Center  
  20  1:54  SCV  
  21  1:58  Refinery  
  21  2:08  Marine  
  21  2:09  SCV  
  21  2:10  Factory  
  23  2:19  Supply Depot  
  23  2:41  SCV  
  24  2:53  SCV  
  25  3:04  Barracks Reactor  
  25  3:05  SCV  
  25  3:06  Orbital Command  
  25  3:08  Factory Tech Lab  
  25  3:09  Starport  
  25  3:10  Bunker  
  25  3:17  SCV  
  26  3:28  Siege Tank  
  26  3:29  SCV  
  30  3:41  Supply Depot  
  30  3:42  SCV  
  30  3:45  SCV  
  32  3:49  Command Center  
  32  3:50  Medivac  
  32  3:52  Marine  
  32  3:54  SCV  
  36  3:57  SCV  
  36  4:01  Supply Depot  
  37  4:06  Siege Tank  
  40  4:10  SCV  
  40  4:11  SCV  
  40  4:13  Marine x2  
  44  4:18  Barracks  
  44  4:23  SCV  
  45  4:24  Starport Reactor  
  45  4:26  SCV  
  45  4:29  Supply Depot  
  45  4:31  Marine  
  46  4:33  Marine  
  46  4:35  SCV  
  46  4:38  SCV  
  50  4:44  Siege Tank  
  53  4:47  SCV  
  53  4:49  Marine  
  53  4:50  SCV  
  53  4:51  Marine  
  53  4:52  Supply Depot  
  57  4:59  SCV  
  58  5:01  Refinery  
  58  5:02  SCV, Orbital Command  
  58  5:06  Supply Depot  
  59  5:08  Barracks Tech Lab  
  59  5:09  Engineering Bay  
  59  5:13  Marine x2  
  61  5:14  SCV x2  
  61  5:18  Siege Tank  
  65  5:37  Marine x2, Marauder  
  61  5:47  Supply Depot, Refinery  
  61  5:49  Medivac  
  63  5:55  Marine x2  
  65  5:59  Marauder, SCV  
  68  6:06  Barracks  
  68  6:09  Barracks  
  68  6:10  SCV, Engineering Bay  
  65  6:20  Marauder  
Tags
 
Add a new tag
Caveats
  • Supply blocks, unpowered buildings, or Contaminate may cause inaccurate times.
  • Supply counts are checked every 10 seconds.